Map: Echo LE (Void)

Players

Turannos

  • Race: Terran Terran
  • League: Gold
  • Spawn Location: 5:00

Fropez - Winner!

  • Race: Protoss Protoss
  • League: Gold
  • Spawn Location: 11:00

VOD

Have the link to the VOD?

Description

Time

  • Played on: Jan. 11, 2017, 5:34 p.m.
  • Length: 15:44
Show
View Real Time Build Order
Export as new Build Order

Turannos Terran 

Build Orders: MMM Bio 

Get SALT Encoding   

  12  0:01  SCV  
  13  0:13  SCV  
  14  0:18  Supply Depot  
  14  0:41  Barracks  
  14  0:45  Barracks  
  14  0:46  SCV  
  15  0:55  Refinery  
  15  1:10  Barracks  
  15  1:17  Refinery  
  15  1:30  Marine  
  16  1:38  Supply Depot  
  16  1:53  Marine x2  
  18  2:12  Barracks Tech Lab  
  18  2:13  Barracks Tech Lab  
  18  2:14  Marine  
  19  2:42  Barracks Reactor  
  19  2:43  Combat Shields  
  19  2:44  Marine x2  
  21  3:01  Orbital Command  
  21  3:43  Command Center  
  21  3:55  Factory  
  21  3:59  SCV  
  22  4:06  Marauder  
  24  4:15  Marauder  
  25  4:25  Supply Depot  
  25  4:39  Widow Mine  
  25  4:45  Command Center  
  27  4:51  SCV  
  28  5:15  SCV  
  28  5:17  Supply Depot  
  29  5:28  Factory Tech Lab  
  29  5:30  Concussive Shells  
  29  5:32  SCV  
  30  5:35  Marine  
  30  5:39  Marine  
  32  5:44  SCV  
  32  5:48  Marauder  
  35  5:57  Starport  
  35  6:11  Engineering Bay  
  35  6:13  Marine x2  
  37  6:20  Stimpack  
  37  6:29  Orbital Command  
  33  6:41  Medivac  
  33  6:42  Marine x2  
  31  7:00  Siege Tank  
  34  7:08  Terran Infantry Weapons Level 1  
  34  7:18  Marine x2  
  34  7:21  SCV  
  37  7:29  SCV  
  36  7:33  SCV  
  32  7:41  SCV  
  30  7:45  SCV  
  31  7:54  SCV  
  31  7:56  Marine x4  
  34  8:14  Marine x3  
  34  8:17  Viking  
  38  8:22  SCV x2  
  40  8:36  SCV x2  
  40  8:39  Marauder x2  
  46  8:55  Marine  
  46  8:56  Marine  
  46  9:00  Marine  
  46  9:08  Marine  
  44  9:10  SCV x2  
  44  9:13  Marine x2  
  47  9:18  Marauder  
  49  9:29  Marine, Terran Infantry Armor Level 1  
  51  9:31  Marine, SCV  
  51  9:32  SCV  
  53  9:39  Missile Turret  
  53  9:45  Marauder  
  45  9:47  Marine  
  46  10:02  Medivac x2  
  46  10:03  Barracks Reactor  
  46  10:06  Marine, Marauder  
  53  10:11  Engineering Bay  
  53  10:24  Marine  
  53  10:28  Marine  
  54  10:38  SCV x2  
  54  10:41  Marine  
  52  10:45  Marine  
  52  10:47  Supply Depot  
  52  10:50  SCV  
  52  10:51  SCV  
  52  10:54  Siege Tank  
  53  10:59  Marine  
  53  11:02  SCV  
  53  11:03  Marine  
  50  11:06  SCV  
  50  11:17  SCV  
  51  11:26  Supply Depot  
  51  11:32  SCV x2  
  53  11:35  Marauder  
  53  11:36  Marauder  
  57  11:43  Marine  
  57  11:44  Marine, SCV x2  
  61  11:56  Marine x2  
  61  12:00  SCV  
  61  12:01  SCV  
  65  12:02  Marine x2  
  67  12:14  Marine  
  67  12:15  Marauder  
  70  12:17  Missile Turret  
  63  12:32  Medivac x2  
  63  12:33  SCV x2  
  69  12:45  SCV  
  69  12:48  Supply Depot  
  69  12:50  Command Center  
  70  13:07  Supply Depot  
  70  13:09  SCV, Medivac x2  
  75  13:17  Marine  
  75  13:18  Marine  
  77  13:29  Marauder x2  
  81  13:35  Marine x2  
  76  13:49  Marine x2  
  76  13:53  Marine x2  
  80  14:02  Refinery  
  80  14:04  Supply Depot, Refinery  
  80  14:07  Marine  
  80  14:08  Marauder  
  83  14:15  Barracks  
  83  14:16  Barracks  
  83  14:20  Orbital Command  
  63  14:31  Siege Tank  
  56  14:42  Marine  
  56  14:43  Marine  
  56  14:51  SCV  
  56  14:52  Marine  
  52  15:12  SCV  
  53  15:24  SCV  
Show
View Real Time Build Order
Export as new Build Order

Fropez Protoss - Winner!

Build Orders: 1 Gate Expand 

Get SALT Encoding   

  12  0:01  Probe (Chrono Boost)  
  13  0:11  Probe (Chrono Boost)  
  14  0:28  Pylon  
  14  0:29  Probe (Chrono Boost)  
  15  0:46  Probe (Chrono Boost), Assimilator  
  16  0:56  Gateway  
  16  0:57  Probe (Chrono Boost)  
  17  1:17  Nexus  
  17  1:32  Pylon  
  17  1:43  Probe (Chrono Boost)  
  18  1:50  Cybernetics Core  
  18  1:54  Probe (Chrono Boost)  
  19  1:57  Gateway  
  18  2:04  Probe (Chrono Boost)  
  19  2:13  Warp Gate  
  19  2:14  Pylon  
  19  2:16  Probe (Chrono Boost)  
  19  2:20  Assimilator  
  22  2:30  Probe (Chrono Boost)  
  22  2:31  Probe (Chrono Boost)  
  24  2:37  Adept  
  24  2:53  Probe (Chrono Boost)  
  24  2:55  Probe (Chrono Boost)  
  24  2:58  Adept  
  28  3:00  Assimilator  
  28  3:04  Adept  
  30  3:09  Twilight Council  
  30  3:14  Probe (Chrono Boost)  
  30  3:15  Probe (Chrono Boost)  
  32  3:25  Adept  
  36  3:27  Probe (Chrono Boost)  
  36  3:28  Probe (Chrono Boost)  
  36  3:35  Adept  
  36  3:38  Mothership Core (Chrono Boost)  
  40  3:46  Pylon  
  40  3:48  Resonating Glaives  
  40  3:53  Probe (Chrono Boost)  
  41  4:09  Robotics Facility  
  41  4:14  Probe (Chrono Boost)  
  41  4:15  Probe (Chrono Boost)  
  43  4:19  Assimilator  
  43  4:22  Pylon  
  41  4:52  Warp Prism  
  43  5:03  Gateway  
  43  5:04  Gateway  
  39  5:09  Adept x2  
  39  5:10  Probe (Chrono Boost)  
  39  5:12  Probe (Chrono Boost)  
  43  5:14  Pylon  
  44  5:21  Gateway  
  44  5:22  Probe (Chrono Boost)  
  44  5:24  Probe (Chrono Boost)  
  44  5:25  Observer  
  46  5:34  Probe (Chrono Boost)  
  47  5:50  Adept x2  
  47  5:57  Probe x2 (Chrono Boost)  
  53  5:59  Observer  
  54  6:09  Probe x2 (Chrono Boost)  
  56  6:21  Probe x2 (Chrono Boost)  
  56  6:23  Adept x5  
  69  6:33  Probe (Chrono Boost)  
  65  6:44  Probe (Chrono Boost)  
  65  6:45  Probe (Chrono Boost)  
  61  6:56  Nexus, Forge, Probe (Chrono Boost)  
  61  6:57  Forge  
  61  6:58  Pylon  
  61  7:00  Pylon  
  62  7:02  Pylon  
  62  7:15  Adept x4  
  68  7:53  Protoss Ground Weapons Level 1, Protoss Ground Armor Level 1  
  68  7:56  Pylon  
  68  7:58  Pylon  
  68  8:01  Assimilator  
  68  8:03  Assimilator  
  68  8:07  Photon Cannon  
  66  8:14  Adept  
  66  8:15  Adept x4  
  76  8:23  Pylon  
  76  8:25  Photon Cannon  
  76  8:34  Observer, Pylon  
  76  8:39  Probe x2 (Chrono Boost)  
  78  8:42  Probe (Chrono Boost)  
  78  8:47  Stalker  
  78  8:48  Stalker x4  
  89  8:51  Probe (Chrono Boost)  
  89  8:52  Probe (Chrono Boost)  
  79  9:15  Probe (Chrono Boost)  
  79  9:16  Probe x2 (Chrono Boost)  
  76  9:18  Adept x5  
  86  9:31  Gateway  
  86  9:34  Gateway  
  86  9:36  Pylon  
  86  9:42  Dark Shrine, Stalker x2  
  86  9:43  Stalker x3  
  86  9:44  Pylon  
  96  9:48  Pylon  
  96  9:50  Protoss Ground Weapons Level 2  
  96  9:51  Protoss Ground Armor Level 2  
  96  9:56  Pylon  
  96  10:01  Pylon  
  96  10:03  Observer  
  96  10:05  Pylon  
  97  10:08  Adept  
  97  10:09  Adept x2  
  101  10:48  Blink  
  97  10:50  Adept x5  
  97  10:53  Probe (Chrono Boost)  
  97  10:55  Probe x2 (Chrono Boost)  
  110  10:59  Warp Prism  
  110  11:07  Gateway  
  110  11:09  Gateway x2  
  110  11:10  Gateway  
  108  11:12  Gateway  
  108  11:19  Shadow Stride  
  108  11:29  Dark Templar x2  
  108  11:30  Dark Templar x2  
  116  11:33  Nexus  
  116  11:47  Pylon  
  114  12:10  Dark Templar x6  
  114  12:11  Assimilator  
  126  12:15  Pylon  
  126  12:16  Pylon  
  126  12:17  Pylon  
  126  12:24  Protoss Ground Weapons Level 3, Assimilator, Protoss Ground Armor Level 3  
  126  12:28  Archon x2  
  126  12:29  Archon  
  118  12:41  Pylon  
  118  12:52  Pylon  
  118  12:54  Adept  
  118  12:55  Adept x6  
  132  13:19  Adept x6  
  144  13:20  Adept x2  
  148  13:35  Pylon  
  132  13:50  Adept x5  
  132  13:51  Adept x4  
  146  14:32  Adept x2  
  146  14:33  Adept x5  
  146  14:34  Adept x3  
  166  14:44  Stalker  
  166  14:45  Stalker  
  168  15:09  Dark Templar x5  
  168  15:10  Dark Templar x3  
  168  15:13  Probe (Chrono Boost)  
  187  15:14  Probe (Chrono Boost)  
  187  15:15  Probe (Chrono Boost)  
Tags
 
Composition
MMM Bio
League
GoldGold
Matchup
PvT
Replay Pack
All Mines
Spawn Locations
Cross Positions
Add a new tag
Caveats
  • Supply blocks, unpowered buildings, or Contaminate may cause inaccurate times.
  • Supply counts are checked every 10 seconds.